 Dungeon Crawl Stone Soup version 0.31-a0-672-g7da72447bb (webtiles) character file.

Game seed: 6841077767223240216

532 Xavori the Sneak (level 7, 0/48 HPs)
             Began as an Octopode Chaos Knight on Sept 4, 2023.
             Was a Plaything of Xom.
             Slain by a black bear (4 damage)
             ... on level 5 of the Dungeon.
             The game lasted 00:03:48 (9819 turns).

Xavori the Sneak (Octopode Chaos Knight)            Turns: 9819, Time: 00:03:49

Health: 0/48       AC:  3    Str:  9    XL:     7   Next: 24%
Magic:  7/7        EV: 14    Int: 12    God:    Xom [......]
Gold:   179        SH:  0    Dex: 14    Spells: 6/6 levels left

rFire   . . .        y - +1 dagger (vamp)
rCold   . . .        (no shield)
rNeg    . . .        v - +0 hat
rPois   .            w - amulet of faith
rElec   +            (no ring)
rCorr   .            (no ring)
SInv    .            (no ring)
Will    .....        (no ring)
Stlth   ++++         (no ring)
HPRegen 0.28/turn    (no ring)
MPRegen 0.10/turn    (no ring)
                     (no ring)

%: random rage (3%), faith
@: no status effects
A: almost no armour, amphibious, 8 rings, camouflage 1, gelatinous body 1,
(nimble swimmer 1), tentacles, iridescent scales 1, berserk 1, dopey 1,
electricity resistance, weak 1, MP-powered wands
a: Renounce Religion


You were on level 5 of the Dungeon.
You worshipped Xom.
You were a very special plaything of Xom.
You visited 1 branch of the dungeon, and saw 5 of its levels.

You collected 179 gold pieces.

Inventory:

Hand Weapons
 a - a +0 short sword of chaos
 y - a +1 vampiric dagger (weapon)
Missiles
 x - 2 throwing nets
Armour
 v - a +0 hat (worn)
Jewellery
 s - a ring of fire
 w - an amulet of faith (around mantle)
 z - an amulet of reflection
Talismans
 r - a maw talisman
Scrolls
 b - a scroll of butterflies
 d - 2 scrolls of teleportation {unknown}
 e - 3 scrolls of identify {unknown}
 j - a scroll of acquirement {unknown}
 l - a scroll of immolation
 m - a scroll of fog {unknown}
 p - a scroll of revelation {unknown}
 q - a scroll of torment {unknown}
Potions
 c - a potion of invisibility {unknown}
 f - a potion of curing
 g - 3 potions of lignification {unknown}
 h - a potion of haste {unknown}
 i - a potion of mutation {unknown}
 k - 2 potions of heal wounds {unknown}
 n - a potion of enlightenment {unknown}
 o - a potion of degeneration {unknown}
 t - 2 potions of ambrosia {unknown}
 u - 2 potions of attraction {unknown}


   Skills:
 + Level 4.2 Fighting
 + Level 5.1 Short Blades
 + Level 3.6 Dodging
 + Level 5.8 Stealth
 * Level 1.2 Shapeshifting


You had 6 spell levels left.
You didn't know any spells.
Your spell library was empty.

Dungeon Overview and Level Annotations

Branches:
Dungeon (5/15)
 Temple: D:4-7

Altars:
Sif Muna
Xom


Innate Abilities, Weirdness & Mutations

You cannot wear most types of armour.
You are amphibious.
You can wear up to eight rings at the same time.
Your skin changes colour to match your surroundings (Stealth+).
Your rubbery body absorbs attacks. (AC +1, EV +1)
((You are camouflaged when in or above water. (Stealth+)))
You have tentacles for arms and can constrict up to eight enemies at once.
You are partially covered in iridescent scales. (AC +2)
You sometimes lose your temper in combat.
You are dopey. (Int -2)
You are resistant to electric shocks. (rElec)
You are weak. (Str -2)
You expend magic power (3 MP) to strengthen your wands.


Message History

The centaur hits you.
* * * LOW HITPOINT WARNING * * *
The centaur kicks you but does no damage.
You hit the centaur.
You feel better.
You kill the centaur!
The black bear bites you!
* * * LOW HITPOINT WARNING * * *
The black bear claws you.
* * * LOW HITPOINT WARNING * * *
The black bear claws you.
* * * LOW HITPOINT WARNING * * *
Your Shapeshifting skill increases to level 1!
You barely miss the black bear. You grab the black bear.
You squeeze the black bear!
The black bear is moderately wounded.
You constrict the black bear. The black bear barely misses you.
The black bear claws you.
* * * LOW HITPOINT WARNING * * *
The black bear claws you but does no damage.
You hit the black bear but do no damage.
The black bear is moderately wounded.
You constrict the black bear, but do no damage.
You hear Xom's avuncular chuckle.
Your body is suffused with distortional energy.
You feel less resistant to poisons.
You feel less energetic.
You feel a little pissed off.
You feel frail.
You hit the black bear but do no damage.
The black bear is moderately wounded.
You constrict the black bear, but do no damage.
The black bear closely misses you. The black bear claws you.
* * * LOW HITPOINT WARNING * * *
The black bear claws you but does no damage.
You hit the black bear.
You feel better.
You squeeze the black bear!
The black bear is severely wounded.
You constrict the black bear.
The black bear goes berserk!
You hit the black bear.
You feel better.
The black bear is almost dead.
You constrict the black bear. The black bear completely misses you.
The black bear claws you.
You die...

.####.........
..####............
...##.............
#...#............# ...
##..##...........# ....
#..).............. .....
..##..........§§.# .....#
####))##...[.##§h##......
##..).# ##......@#......
...##.## ##....§§§....##
.......## ##..§.§......##
..####..# #..............
..####..# #..............
........###..............
..###........!.>...##....
. #...........##.# #...
(...P..........).......


You could see a black bear (berserk).

Vanquished Creatures
  An ogre (D:5)
  A centaur (D:5)
  2 scorpions (D:4)
  A jelly (D:3)
  An iguana (D:4)
  3 orc wizards
  A gnoll (D:5)
  2 adders
  An ufetubus (D:5)
  3 dart slugs
  13 orcs
  5 endoplasms
  4 giant cockroaches
  8 hobgoblins
  10 jackals
  4 quokkas
  7 ball pythons
  6 bats
  6 frilled lizards
  4 goblins
  4 kobolds
  7 rats
94 creatures vanquished.

Notes
Turn   | Place    | Note
-------+----------+-------------------------------------------
     0 | D:1      | Xavori the Octopode Chaos Knight began the quest for the
                  | Orb.
     0 | D:1      | Reached XP level 1. HP: 16/16 MP: 1/1
    48 | D:1      | Reached XP level 2. HP: 21/21 MP: 2/2
   114 | D:1      | XOM: silly message
   131 | D:1      | XOM: silly message
   274 | D:1      | XOM: silly message
   282 | D:1      | XOM: butterfly on damage
   291 | D:1      | Reached XP level 3. HP: 8/26 MP: 3/3
   621 | D:1      | Reached skill level 1 in Stealth
  1003 | D:1      | XOM: divination: detect items
  1204 | D:1      | XOM: divination: magic mapping
  1570 | D:1      | XOM: divination: detect creatures
  1913 | D:1      | XOM: silly message
  2630 | D:1      | XOM: silly message
  2689 | D:1      | XOM: divination: detect items
  3414 | D:1      | XOM: divination: detect creatures
  3573 | D:1      | XOM is BORED!
  4258 | D:1      | XOM: divination: detect items
  4351 | D:1      | XOM: scenery: summon butterflies
  5589 | D:1      | XOM is BORED!
  5589 | D:1      | XOM: give mutations
  5589 | D:1      | Gained mutation: You are weak. (Str -2) [Xom's mischief]
  5589 | D:1      | Gained mutation: You have an increased reservoir of magic.
                  | (+10% MP) [Xom's mischief]
  5796 | D:1      | XOM: god gift: robe {god gift}
  6151 | D:1      | XOM: god gift: boomerang
  6187 | D:1      | XOM: scenery: summon butterflies
  6340 | D:1      | XOM: give mutations
  6340 | D:1      | Gained mutation: Your system is resistant to poisons.
                  | (rPois) [Xom's grace]
  6340 | D:1      | Gained mutation: Your mind is acute. (Int +4, Str/Dex -1)
                  | [Xom's grace]
  6340 | D:1      | Gained mutation: You are robust. (+10% HP) [Xom's grace]
  6615 | D:1      | XOM: give mutations
  6615 | D:1      | Gained mutation: You are partially covered in iridescent
                  | scales. (AC +2) [Xom's mischief]
  6615 | D:1      | Lost mutation: Your mind is acute. (Int +4, Str/Dex -1)
                  | [Xom's mischief]
  6615 | D:1      | Gained mutation: You are dopey. (Int -2) [Xom's mischief]
  7228 | D:2      | Found a shimmering blue altar of Sif Muna.
  7239 | D:2      | Found a faded altar of an unknown god.
  7289 | D:2      | XOM: give mutation
  7289 | D:2      | Gained mutation: You expend magic power (3 MP) to
                  | strengthen your wands. [Xom's grace]
  7304 | D:2      | Reached XP level 4. HP: 34/34 MP: 4/4
  7634 | D:3      | HP: 1/35 [something (5)]
  7636 | D:3      | Reached XP level 5. HP: 1/40 MP: 5/5
  7734 | D:3      | XOM: 1-stop teleportation journey
  7906 | D:3      | XOM: 7-stop teleportation journey
  8382 | D:3      | XOM: give mutation
  8382 | D:3      | Gained mutation: You are resistant to electric shocks.
                  | (rElec) [Xom's mischief]
  8785 | D:4      | XOM: 1-stop teleportation journey
  8792 | D:4      | XOM: silly message
  8921 | D:4      | XOM: 2-stop teleportation journey
  9141 | D:4      | XOM: enchant monster (bad)
  9147 | D:4      | Reached XP level 6. HP: 47/47 MP: 6/6
  9262 | D:4      | XOM: summons 3 hostile shadow creatures
  9316 | D:4      | XOM: polymorph quokka -> bat
  9391 | D:4      | Reached skill level 5 in Stealth
  9550 | D:4      | XOM: scenery: create altars
  9557 | D:4      | XOM: 2-stop teleportation journey
  9590 | D:5      | Entered Level 5 of the Dungeon
  9670 | D:5      | Reached skill level 5 in Short Blades
  9670 | D:5      | Reached XP level 7. HP: 28/52 MP: 7/7
  9809 | D:5      | XOM: fog
  9815 | D:5      | Reached skill level 1 in Shapeshifting
  9816 | D:5      | XOM: give mutations
  9816 | D:5      | Lost mutation: Your system is resistant to poisons. (rPois)
                  | [Xom's mischief]
  9816 | D:5      | Lost mutation: You have an increased reservoir of magic.
                  | (+10% MP) [Xom's mischief]
  9816 | D:5      | Gained mutation: You sometimes lose your temper in combat.
                  | [Xom's mischief]
  9816 | D:5      | Lost mutation: You are robust. (+10% HP) [Xom's mischief]
  9817 | D:5      | HP: 1/48 [black bear (3)]
  9819 | D:5      | Slain by a black bear

Illustrated notes

Levels and vault maps discovered:
D:1:      dpeg_arrival_arbitrary_c, layout_rooms, minmay_misc_feat_doors
D:2:      layout_basic, basic_altar, hellmonk_ecumenical_altar_blasted
D:3:      layout_basic, nicolae_underground_beach
D:4:      layout_gridville
D:5:      lemuel_castle_with_subvaults [lemuel_castle_interior_carwin_2],
          layout_cave_pools, serial_bayou_crossing

Skill      XL: |  1  2  3  4  5  6  7 |
---------------+----------------------+-----
Stealth        | 1 3 4 5 |  5.8
Dodging        | 3 |  3.6
Short Blades   | 4 5 |  5.1
Fighting       | 4 |  4.2
Shapeshifting  | 1 |  1.2

Action                     |  1- 3 |  4- 6 |  7- 9 || total
---------------------------+-------+-------+-------++-------
  Melee: Short sword       |    88 |    94 |       ||   182
         Constrict         |    15 |    28 |     5 ||    48
         Tentacles         |     8 |    28 |    10 ||    46
         Punch             |       |     2 |     2 ||     4
         Dagger            |       |    52 |    28 ||    80
    Use: Potion            |       |     2 |       ||     2
   Stab: Sleeping          |    10 |     9 |       ||    19
         Distracted        |       |     2 |       ||     2
 Armour: Skin              |    30 |    70 |    38 ||   138
  Dodge: Dodged            |    63 |    68 |    31 ||   162

Table legend: (Time is in decaauts)
 A = Elapsed time spent in this place.
 B = Non-inter-level travel time spent in this place.
 C = Inter-level travel time spent in this place.
 D = Time resting spent in this place.
 E = Time spent auto-exploring this place.
 F = Levels seen in this place.
 G = Mean time per level.
                   A        B        C        D        E       F      G
               +--------+--------+--------+--------+--------+-----+--------+
         Total |   9766 |   9540 |    226 |   6407 |   2491 |   5 | 1953.2 |
       Dungeon |   9766 |   9540 |    226 |   6407 |   2491 |   5 | 1953.2 |
               +--------+--------+--------+--------+--------+-----+--------+

Top non-repeatable levels by time:
     D:1: 6712 daAuts
     D:3: 1123 daAuts
     D:4: 906 daAuts
     D:2: 807 daAuts
     D:5: 216 daAuts
